 Dungeon Crawl Stone Soup version 0.18.1-1-g2f07953 (webtiles) character file.

660 Eucla the Cutter (level 7, -11/35 HPs)
             Began as a Spriggan Abyssal Knight on May 8, 2016.
             Was an Elder of Lugonu.
             Killed from afar by a steam dragon (16 damage)
             ... with a ball of steam
             ... on level 4 of the Dungeon.
             The game lasted 00:09:41 (5108 turns).

Eucla the Cutter (Spriggan Abyssal Knight)          Turns: 5108, Time: 00:09:42

Health: -11/35     AC:  3    Str:  8    XL:     7   Next: 30%
Magic:  0/11       EV: 19    Int: 18    God:    Lugonu [****..]
Gold:   148        SH:  0    Dex: 18    Spells: 0 memorised, 6 levels left

rFire  . . .     SeeInvis +     b - +0 hunting sling
rCold  . . .     Gourm    .     k - +0 robe
rNeg   + . .     Faith    .     (shield restricted)
rPois  .         Spirit   +     (helmet restricted)
rElec  .         Dismiss  .     h - +0 cloak (curse)
rCorr  .         Reflect  .     (gloves unavailable)
SustAt .         Harm     .     (boots unavailable)
MR     +....                    t - amulet of guardian spirit
Stlth  ++........               (no ring)
                                m - ring of positive energy

@: brilliant, very quick, somewhat resistant to hostile enchantments, unstealthy
A: unfitting armour, see invisible, herbivore 3, speed 3, slow metabolism 2
a: Depart the Abyss, Bend Space, Banish, Corrupt, Renounce Religion


You were on level 4 of the Dungeon.
You worshipped Lugonu.
Lugonu was greatly pleased with you.
You were full.

You visited 1 branch of the dungeon, and saw 4 of its levels.
You visited the Abyss 1 time.

You collected 148 gold pieces.

Inventory:

Hand Weapons
 a - a +1 short sword
 b - a +0 hunting sling (weapon)
 v - a +0 blowgun
 z - a +3 dagger
Missiles
 i - 33 stones (quivered)
 w - 9 poisoned needles
Armour
 h - a cursed +0 cloak (worn)
 k - a +0 robe (worn)
Jewellery
 m - a ring of positive energy (left hand)
 t - an amulet of guardian spirit (around neck)
 C - an uncursed ring of protection from magic {unknown}
Scrolls
 e - a scroll of random uselessness {unknown}
 f - 4 scrolls of identify {unknown}
 g - 3 scrolls of enchant armour {unknown}
 o - a scroll of recharging {unknown}
 p - 5 scrolls of remove curse {unknown}
 q - a scroll of enchant weapon {unknown}
 r - a scroll of blinking {unknown}
 u - 2 scrolls of noise {unknown}
 x - 2 scrolls of magic mapping {unknown}
 y - a scroll of fog {unknown}
Potions
 d - 2 potions of flight
 l - 2 potions of resistance
 n - a potion of brilliance
Books
 B - a book of the Tempests

   Spells                             Type                      Level
   a - Static Discharge               Conjuration/Air              3
   b - Lightning Bolt                 Conjuration/Air              5
   c - Fireball                       Conjuration/Fire             5
   d - Tornado                        Air                          9
   e - Shatter                        Earth                        9
Comestibles
 c - 2 bread rations


   Skills:
 - Level 2.4 Fighting
 * Level 6.6 Short Blades
 + Level 4.3 Slings
 - Level 3.5 Dodging
 + Level 4.3 Invocations


You had 6 spell levels left.
You didn't know any spells.

Dungeon Overview and Level Annotations

Branches:
Dungeon (4/15)
 Temple: D:4-7

Altars:
Elyvilon
Fedhas
Kikubaaqudgha
Okawaru
Zin

Annotations:
D:4 Eustachio


Innate Abilities, Weirdness & Mutations

You are tiny and cannot use many weapons and most armour.
You have supernaturally acute eyesight.
You are a herbivore.
You cover ground extremely quickly.
You need consume almost no food.


Message History

Firing (i - inventory):
i - 36 stones (quivered)
Press: ? - help, Shift-Dir - straight line, f/p - goblin
Aim: a goblin You shoot a stone.
The stone completely misses the goblin.
The stone closely misses the steam dragon.
Firing (i - inventory):
i - 35 stones (quivered)
Press: ? - help, Shift-Dir - straight line, f/p - goblin
Aim: a goblin You shoot a stone.
The stone barely misses the goblin.
The stone hits the steam dragon but does no damage.
The steam dragon is severely wounded.
Firing (i - inventory):
i - 34 stones (quivered)
Press: ? - help, Shift-Dir - straight line, f - steam dragon, p - goblin
Aim: a steam dragon (severely wounded)
You shoot a stone. The stone hits the goblin!
You kill the goblin!
Lugonu accepts your kill. The steam dragon breathes steam at you.
The ball of steam hits you!
You die...

#≈≈≈≈.≈.# #.≈≈≈≈P.### #####
##.........# #...#
#..........# ####...#
#..........###......#
#..............##...# #####
#..........#####....#
†.g.#######g.........# #.####
###..D...((D.(§§@....#####.###
###..###.#..#..###.........#
##...#......####......)..# #
##'''#####...............# #
##.....## #.#####.........#
.###.⌠.#.⌠.###.# #.........#
.##.#.#.#.#.##.#####.....<...#
###..#.⌠.#..#####............#
#.#.#.#.#.###...##.........#


You could see a goblin.

Vanquished Creatures
  2 vampire bats (D:4)
  A centaur zombie (D:4)
  An orc priest (D:4)
  3 hounds
  3 worker ants
  2 hound zombies (D:4)
  4 worker ant zombies (D:4)
  A howler monkey skeleton (D:4)
  8 adders
  2 oozes
  An adder zombie (D:4)
  A worm (D:3)
  3 dart slugs
  3 giant geckos
  4 orcs
  4 ball pythons
  4 bat skeletons (D:4)
  3 bat zombies (D:4)
  6 giant cockroaches
  13 goblins
  17 hobgoblins
  6 jackals
  3 kobolds
  2 quokkas
  A ball python skeleton (D:4)
  18 bats
  A giant cockroach zombie (D:4)
  4 giant gecko zombies (D:4)
  5 giant newts
  A quokka skeleton (D:4)
  12 rats
139 creatures vanquished.

Vanquished Creatures (others)
  A phantom (D:4)
1 creature vanquished.

Grand Total: 140 creatures vanquished

Notes
Turn   | Place    | Note
--------------------------------------------------------------
     0 | Abyss:1  | Eucla the Spriggan Abyssal Knight began the quest for the Orb.
     0 | Abyss:1  | Reached XP level 1. HP: 11/11 MP: 3/3
    43 | Abyss:1  | Noticed a thrashing horror
    43 | Abyss:1  | Noticed a large abomination
    58 | D:1      | Escaped the Abyss
   186 | D:1      | Reached XP level 2. HP: 8/16 MP: 4/4
   294 | D:1      | Reached skill level 3 in Short Blades
   333 | D:1      | Reached ** piety under Lugonu
   540 | D:1      | Reached XP level 3. HP: 19/19 MP: 5/5
  1497 | D:2      | Reached skill level 1 in Slings
  1518 | D:2      | Reached *** piety under Lugonu
  1522 | D:2      | Reached XP level 4. HP: 23/23 MP: 6/6
  1608 | D:2      | Found a glowing silver altar of Zin.
  1615 | D:2      | Reached skill level 4 in Short Blades
  2535 | D:3      | Reached XP level 5. HP: 13/27 MP: 8/8
  2536 | D:3      | Reached **** piety under Lugonu
  2581 | D:3      | Found an iron altar of Okawaru.
  2899 | D:4      | Noticed a phantom
  2979 | D:4      | Banished a phantom
  2979 | D:4      | Reached skill level 5 in Short Blades
  3298 | D:4      | Reached XP level 6. HP: 28/32 MP: 9/9
  3733 | D:4      | Found a white marble altar of Elyvilon.
  3734 | D:4      | Found a blossoming altar of Fedhas.
  4048 | D:4      | Noticed Eustachio
  4391 | D:3      | Reached skill level 6 in Short Blades
  4703 | D:4      | Reached XP level 7. HP: 31/35 MP: 8/11
  4782 | D:4      | Found an ancient bone altar of Kikubaaqudgha.
  4890 | D:4      | Noticed a steam dragon
  5108 | D:4      | Killed from afar by a steam dragon

Skill      XL: |  1  2  3  4  5  6 |
---------------+-------------------+-----
Invocations    | 2 3 4 |  4.3
Short Blades   | 3 4 5 6 |  6.6
Slings         | 1 2 3 4 |  4.3
Fighting       | |  2.4
Dodging        | |  3.5

Action                   |  1- 3 |  4- 6 |  7- 9 || total
-------------------------+-------+-------+-------++-------
Melee: Short sword       |   141 |   425 |   132 ||   698
 Fire: Hunting sling     |     5 |     2 |     6 ||    13
Invok: Banish            |       |     1 |       ||     1
  Use: Potion            |       |     3 |     4 ||     7
 Stab: Sleeping          |     1 |     1 |       ||     2
  Eat: Royal jelly       |       |     1 |       ||     1
       Bread ration      |       |     1 |       ||     1
Armor: Robe              |    11 |    40 |    32 ||    83
Dodge: Dodged            |   136 |   414 |   199 ||   749
